 Dungeon Crawl Stone Soup version 0.30-a0-313-gae38170b09 (webtiles) character file.

Game seed: 4800450850835651844

9 ryw the Trooper (level 2, 22/24 HPs)
             Began as a Demonspawn Monk on Oct 26, 2022.
             Quit the game on level 1 of the Dungeon.
             The game lasted 00:00:23 (67 turns).

ryw the Trooper (Demonspawn Monk)                     Turns: 67, Time: 00:00:23

Health: 22/24      AC:  2    Str: 11    XL:     2   Next: 3%
Magic:  2/2        EV: 12    Int: 11    God:
Gold:   0          SH:  0    Dex: 15    Spells: 1/1 levels left

rFire   . . .      SeeInvis .      - Unarmed
rCold   . . .      Faith    .    (no shield)
rNeg    . . .      Spirit   .    a - +0 robe
rPois   .          Reflect  .    (helmet restricted)
rElec   .          Harm     .    (no cloak)
rCorr   .          Rampage  .    (no gloves)
Will    .....                    (no boots)
Stlth   ++........               (no amulet)
HPRegen 0.24/turn                (no ring)
MPRegen 0.08/turn                (no ring)

@: no status effects
A: horns 1
a: no special abilities


You were on level 1 of the Dungeon.
You visited 1 branch of the dungeon, and saw 1 of its levels.

Inventory:

Armour
 a - a +0 robe (worn)
Scrolls
 b - a scroll of identify {unknown}
 c - a scroll of poison {unknown}
Potions
 d - a potion of attraction {unknown}


   Skills:
 + Level 3.6 Fighting
 - Level 2.6 Dodging
 - Level 1.7 Stealth
 - Level 2.6 Unarmed Combat


You had one spell level left.
You didn't know any spells.
Your spell library contained the following spells:

 Spells                   Type           Power      Damage    Failure   Level
 Vhi's Electric Charge    Tloc/Air       0%         N/A       71%         3
 Arcjolt                  Conj/Air       0%         1d10      100%        5
 Maxwell's Capacitive Co  Air            0%         ∞         100%        8


Dungeon Overview and Level Annotations

Branches:
Dungeon (1/15)

Altars:


Innate Abilities, Weirdness & Mutations

You have a pair of small horns on your head.


Message History

You hit the dart slug.
The dart slug is heavily wounded.
You hit the dart slug but do no damage.
The dart slug is heavily wounded.
The dart slug bites you but does no damage.
You hit the dart slug.
The dart slug is almost dead.
The dart slug launches a dart at you. The slug dart misses you.
You hit the dart slug.
You kill the dart slug!
You hit the frilled lizard.
You kill the frilled lizard!
The kobold hits you but does no damage.
You hit the kobold but do no damage. The kobold hits you with a +0 dagger.
You barely miss the kobold. The kobold barely misses you.
You hit the kobold.
You kill the kobold!
b - a scroll labelled MIXKEU NOOSY You see here a +0 dagger.
You pick up Maxwell's Memoranda and begin reading...
You add the spells Vhi's Electric Charge, Arcjolt and Maxwell's Capacitive Coupling to your library.
A hobgoblin comes into view.
The hobgoblin shouts!
You barely miss the endoplasm.
The endoplasm quivers.
The endoplasm closely misses you.
You hit the endoplasm.
The endoplasm is heavily wounded.
The endoplasm closely misses you.
You barely miss the endoplasm.
The endoplasm is heavily wounded.
The hobgoblin misses you. The endoplasm hits you.
You hit the endoplasm.
You kill the endoplasm!
The hobgoblin closely misses you.
You have reached level 2!
Your demonic ancestry asserts itself...
A pair of horns grows on your head!
Are you sure you want to abandon this character and quit the game? (Confirm with "yes".)

..........###.#..#
#........# #
#.#......##
#.......#
#.....#)# #.
#.....#.## #.
#....###.## #.
#....# ##.# .#
#.@..# #.## ##.#
#.g..# #..###..#
#....# ##..#..#
.....# #..#..#
#...... ##...##
#......# #.<.#
#......# #...#
#......# #..#..#
#..#(.#


You could see a hobgoblin.

Vanquished Creatures
  A dart slug (D:1)
  An endoplasm (D:1)
  2 quokkas (D:1)
  A frilled lizard (D:1)
  2 kobolds (D:1)
7 creatures vanquished.

Notes
Turn   | Place    | Note
-------+----------+-------------------------------------------
     0 | D:1      | ryw the Demonspawn Monk began the quest for the Orb.
     0 | D:1      | Reached XP level 1. HP: 18/18 MP: 1/1
    67 | D:1      | Gained mutation: You have a pair of small horns on your
                  | head. [demonic ancestry]
    67 | D:1      | Reached XP level 2. HP: 22/24 MP: 2/2
    67 | D:1      | Quit the game

Illustrated notes

Levels and vault maps discovered:
D:1:      dpeg_arrival_simpleton_a, layout_basic

Action                   || total
-------------------------++-------
Melee: Unarmed           ||    27
  Use: Potion            ||     1
Armor: Robe              ||     2
Dodge: Dodged            ||    12

Table legend: (Time is in decaauts)
 A = Elapsed time spent in this place.
 B = Non-inter-level travel time spent in this place.
 C = Inter-level travel time spent in this place.
 D = Time resting spent in this place.
 E = Time spent auto-exploring this place.
 F = Levels seen in this place.
 G = Mean time per level.
                   A        B        C        D        E       F      G
               +--------+--------+--------+--------+--------+-----+--------+
         Total |     65 |     65 |      0 |      0 |     16 |   1 |   65.0 |
       Dungeon |     65 |     65 |      0 |      0 |     16 |   1 |   65.0 |
               +--------+--------+--------+--------+--------+-----+--------+

Top non-repeatable levels by time:
     D:1: 65 daAuts
